 Dungeon Crawl Stone Soup version 0.27-a0-1101-ge311f74bc8 (webtiles) character file.

Game seed: 4621721414212899106

107 voltaire321 the Chopper (level 4, -2/34 HPs)
             Began as a Demonspawn Gladiator on Apr 29, 2021.
             Slain by Sigmund
             ... wielding a +0 scythe
              (6 damage)
             ... on level 3 of the Dungeon.
             The game lasted 00:05:24 (1480 turns).

voltaire321 the Chopper (Demonspawn Gladiator)      Turns: 1480, Time: 00:05:25

Health: -2/34      AC: 10    Str: 15    XL:     4   Next: 56%
Magic:  4/4        EV: 12    Int: 10    God:
Gold:   66         SH:  0    Dex: 14    Spells: 3/3 levels left

rFire    + + .     SeeInvis .   a - +0 war axe
rCold    + . .     Faith    .   (no shield)
rNeg     . . .     Spirit   .   b - +0 leather armour
rPois    .         Reflect  .   (helmet restricted)
rElec    .         Harm     .   n - scarf {rC+ rF+}
rCorr    .         Rampage  .   g - +0 pair of gloves
Will     .....                  (no boots)
Stlth    +.........             (no amulet)
HPRegen  0.11/turn              f - ring of protection from fire
MPRegen  0.09/turn              (no ring)

@: confused, sanguine armoured
A: horns 2, sanguine armour 1
a: no special abilities


You were on level 3 of the Dungeon.
You visited 1 branch of the dungeon, and saw 3 of its levels.

You collected 66 gold pieces.

Inventory:

Hand Weapons
 a - a +0 war axe (weapon)
Missiles
 d - 3 throwing nets
 l - 13 poisoned darts (quivered)
Armour
 b - a +0 leather armour (worn)
 c - a +0 helmet
 g - a +0 pair of gloves (worn)
 n - a scarf of resistance (worn)
Jewellery
 f - a ring of protection from fire (left hand)
 q - a ring of flight
Scrolls
 e - a scroll of blinking {unknown}
 j - a scroll of holy word {unknown}
 k - a scroll of fear {unknown}
 o - a scroll of noise {unknown}
 p - a scroll of identify {unknown}
Potions
 h - a potion of mutation {unknown}
 i - a potion of degeneration {unknown}
 m - a potion of curing {unknown}


   Skills:
 + Level 2.9 Fighting
 + Level 3.4 Axes
 + Level 2.6 Throwing
 + Level 3.3 Dodging


You had 3 spell levels left.
You didn't know any spells.
Your spell library was empty.

Dungeon Overview and Level Annotations

Branches:
Dungeon (3/15)

Altars:

Shops:
D:3 [

Annotations:
D:3 Sigmund


Innate Abilities, Weirdness & Mutations

You have a pair of horns on your head.
When seriously injured, your bleeding wounds create armour. (AC +6)


Message History

Aim: Sigmund, wielding a +0 scythe and wearing a +0 robe (lightly wounded, poisoned, 57% to hit)
You throw a poisoned dart. The poisoned dart hits Sigmund.
Sigmund looks even sicker.
Sigmund is lightly wounded.
A frilled lizard comes into view.
Throw: 15 darts (poison)
Press: ? - help, Q - select action, (/) - cycle Shift-Dir - straight line, f/p - Sigmund
Aim: Sigmund, wielding a +0 scythe and wearing a +0 robe (lightly wounded, very poisoned, 57% to hit)
You throw a poisoned dart. The poisoned dart hits Sigmund.
Sigmund looks even sicker.
Sigmund is lightly wounded.
The frilled lizard hisses angrily.
Throw: 14 darts (poison)
Press: ? - help, Q - select action, (/) - cycle Shift-Dir - straight line, f/p - Sigmund
Aim: Sigmund, wielding a +0 scythe and wearing a +0 robe (lightly wounded, very poisoned, 57% to hit)
You throw a poisoned dart.
The poisoned dart closely misses Sigmund.
The poisoned dart closely misses the frilled lizard.
Sigmund points at himself and mumbles some strange words.
Sigmund flickers and vanishes!
Deactivating autopickup; reactivate with Ctrl-A.
A magic dart appears from out of thin air!
The magic dart hits you.
A puff of flame appears from out of thin air!
The puff of flame misses you.
You see here a jackal corpse.
You see here a +0 dagger.
There is a stone staircase leading up here.
Something barely misses you.
You closely miss something.
Something hits you but does no damage. x2
You hit something.
You hear some strange, mumbled words.
You are confused.
You bump into the rock wall.
Something completely misses you.
You miss something. Something hits you. Something hits you!
Your blood congeals into armour.
You barely miss something. Something hits you!
* * * LOW HITPOINT WARNING * * *
Something hits you.
You die...

# #...
#.###############...
###.....#(........#...
......†........∩......
###.###†#.#...###.#.##
###.#.#.#.###.#.#
#<#.#.#.......#.#
#.#.#.###{#####.#
#@{l#.# #.#.....##
#####.# #.#.#..... #.#
#.#.#.#### # #l#.#...#
#.###.#...###
#.....###.#
####..###.#
#######......#
#((....^######


You could see a frilled lizard.

Vanquished Creatures
  A scorpion zombie (D:3)
  2 adders (D:2)
  A worm (D:2)
  A dart slug (D:2)
  5 endoplasms
  3 giant cockroaches
  5 goblins
  7 hobgoblins
  2 jackals (D:3)
  2 quokkas (D:1)
  5 ball pythons
  3 bats (D:1)
  3 frilled lizards
  6 kobolds
  8 rats
54 creatures vanquished.

Notes
Turn   | Place    | Note
-------+----------+-------------------------------------------
     0 | D:1      | voltaire321 the Demonspawn Gladiator began the quest for
                  | the Orb.
     0 | D:1      | Reached XP level 1. HP: 16/16 MP: 1/1
     5 | D:1      | Found a faded altar of an unknown god.
    59 | D:1      | Gained mutation: You have a pair of small horns on your
                  | head. [demonic ancestry]
    59 | D:1      | Reached XP level 2. HP: 18/22 MP: 2/2
   364 | D:1      | Gained mutation: When seriously injured, your bleeding
                  | wounds create armour. (AC +6) [demonic ancestry]
   364 | D:1      | Reached XP level 3. HP: 18/28 MP: 3/3
   934 | D:2      | Gained mutation: You have a pair of horns on your head.
                  | [demonic ancestry]
   934 | D:2      | Reached XP level 4. HP: 34/34 MP: 4/4
  1388 | D:3      | Found Ycwikhli's Armour Emporium.
  1435 | D:3      | Noticed Sigmund
  1480 | D:3      | Slain by Sigmund

Illustrated notes

Levels and vault maps discovered:
D:1:      lightli_arrival_boilingwater, layout_rooms,
          ebering_ecumenical_altar_webs, serial_bayou_pond_e, minmay_nonomino_d4
D:2:      layout_rooms
D:3:      layout_basic, nicolae_overflow_hidden_temple, tgw_sif,
          cheibrodos_sewer_entry_sluice, serial_shops, shop, uniq_sigmund,
          uniq_jessica, uniq_robin

Skill      XL: |  1  2 |
---------------+-------+-----
Throwing       | 2 |  2.6
Axes           | 3 |  3.4
Dodging        | 3 |  3.3
Fighting       | |  2.9

Action                   |  1- 3 |  4- 6 || total
-------------------------+-------+-------++-------
Melee: War axe           |    93 |    28 ||   121
       Headbutt          |     8 |    10 ||    18
Throw: Dart              |     4 |    10 ||    14
 Stab: Sleeping          |     1 |       ||     1
Armor: Leather armour    |    40 |     5 ||    45
Dodge: Dodged            |    81 |    15 ||    96

Table legend: (Time is in decaauts)
 A = Elapsed time spent in this place.
 B = Non-inter-level travel time spent in this place.
 C = Inter-level travel time spent in this place.
 D = Time resting spent in this place.
 E = Time spent auto-exploring this place.
 F = Levels seen in this place.
 G = Mean time per level.
                   A        B        C        D        E       F      G
               +--------+--------+--------+--------+--------+-----+--------+
         Total |   1520 |   1515 |      5 |    164 |    926 |   3 |  506.7 |
       Dungeon |   1520 |   1515 |      5 |    164 |    926 |   3 |  506.7 |
               +--------+--------+--------+--------+--------+-----+--------+

Top non-repeatable levels by time:
     D:1: 684 daAuts
     D:2: 645 daAuts
     D:3: 190 daAuts
